 Dungeon Crawl Stone Soup version 0.25-a0-528-g6b7c99946c (webtiles) character file.

Game seed: 6953019248340372711, levelgen mode: deterministic

49 Lugonue the Chopper (level 3, 0/31 HPs)
             Began as a Hill Orc Gladiator on Feb 19, 2020.
             Slain by a hobgoblin
             ... wielding a +0 club
              (3 damage)
             ... on level 2 of the Dungeon.
             The game lasted 00:02:44 (1587 turns).

Lugonue the Chopper (Hill Orc Gladiator)            Turns: 1587, Time: 00:02:45

Health: 0/31       AC:  4    Str: 17    XL:     3   Next: 77%
Magic:  3/3        EV: 12    Int:  8    God:
Gold:   141        SH:  0    Dex: 12    Spells: 2/2 levels left

rFire    . . .     SeeInvis .   a - +0 war axe
rCold    . . .     Gourm    .   (no shield)
rNeg     . . .     Faith    .   b - +0 leather armour
rPois    .         Spirit   .   c - +0 helmet
rElec    .         Reflect  .   (no cloak)
rCorr    .         Harm     .   (no gloves)
MR       .....                  (no boots)
Stlth    +.........             e - amulet of inaccuracy (curse)
HPRegen  0.10/turn              (no ring)
MPRegen  0.08/turn              (no ring)

@: no status effects
A: no striking features
a: no special abilities


You were on level 2 of the Dungeon.
You were hungry.

You visited 1 branch of the dungeon, and saw 2 of its levels.

You collected 141 gold pieces.

Inventory:

Hand Weapons
 a - a +0 war axe (weapon)
Missiles
 d - 3 throwing nets (quivered)
Armour
 b - a +0 leather armour (worn)
 c - a +0 helmet (worn)
Jewellery
 e - a cursed amulet of inaccuracy (around neck)
Scrolls
 j - a scroll of identify
 k - a scroll of remove curse {unknown}
Potions
 h - a potion of stabbing {unknown}
 i - a potion of heal wounds {unknown}
Comestibles
 f - 4 rations


   Skills:
 + Level 3.1 Fighting
 + Level 4.9 Axes
 + Level 1.8 Throwing
 + Level 1.0 Armour
 + Level 2.8 Dodging


You had 2 spell levels left.
You didn't know any spells.
Your spell library was empty.

Dungeon Overview and Level Annotations

Branches:
Dungeon (2/15)

Altars:
Elyvilon


Message History

A worm comes into view.
A worm is nearby!
A worm is nearby!
You hit the worm.
The worm is moderately wounded.
The worm bites you.
You closely miss the worm.
The worm is lightly wounded.
The worm bites you!
* * * LOW HITPOINT WARNING * * *
Found a potion of ambrosia.
A worm and a hobgoblin come into view.
You are feeling hungry.
The hobgoblin shouts!
The hobgoblin moves out of view.
The hobgoblin hits you with a +0 club.
* * * LOW HITPOINT WARNING * * *
A kobold comes into view.
The hobgoblin hits you with a +0 club.
You die...

#####........##..
................#..
####..............#
...............#..#
#.#...)...######..# .
(....(.#### ##...####K#
......## ##..........
.#(.((#######...........
..)##(#.........@w......
..)((....####w..g!......
...#####.....#..........
......######.##...##...#
..###<.# #..###### ..#
.## ##.# ##......# ## ##
#.# #......#. # #.##
#........# #
#..#####.#####..#


You could see 2 worms, a hobgoblin and a kobold.

Vanquished Creatures
  2 dart slugs (D:1)
  3 leopard geckos
  A ball python (D:2)
  6 bats
  2 giant cockroaches (D:2)
  6 goblins
  5 hobgoblins
  3 quokkas (D:2)
  3 frilled lizards
  2 kobolds (D:1)
  6 rats
39 creatures vanquished.

Notes
Turn   | Place    | Note
-------+----------+-------------------------------------------
     0 | D:1      | Lugonue the Hill Orc Gladiator began the quest for the Orb.
     0 | D:1      | Reached XP level 1. HP: 18/18 MP: 1/1
   106 | D:1      | Reached XP level 2. HP: 9/25 MP: 2/2
   978 | D:1      | Reached XP level 3. HP: 28/30 MP: 3/3
  1238 | D:2      | Found a white marble altar of Elyvilon.
  1310 | D:2      | Reached skill level 1 in Armour
  1587 | D:2      | Slain by a hobgoblin

Levels and vault maps discovered:
D:1:      minmay_arrival_cross, layout_basic, palyth_stone_intersect
D:2:      layout_rooms, old_standard_altar, elyvilon_altar_1

Skill      XL: |  1  2  3 |
---------------+----------+-----
Fighting       | 3 |  3.1
Armour         | 1 |  1.0
Axes           | |  4.9
Throwing       | |  1.8
Dodging        | |  2.8

Action                   || total
-------------------------++-------
Melee: War axe           ||   149
  Use: Scroll            ||     1
       Potion            ||     2
  Eat: Chunk             ||     2
Armor: Leather armour    ||    73
Dodge: Dodged            ||   203

Table legend:
 A = Non-vault XP
 B = Vault XP
 C = Vault XP percentage of total XP
 D = Non-vault monster count
 E = Vault monster count
 F = Vault count percentage of total count
                 A         B        C        D         E       F
            +---------+---------+-------+---------+---------+-------
      Total |      71 |       0 |   0.0 |      39 |       0 |   0.0
            +---------+---------+-------+---------+---------+-------
        D:1 |      34 |       0 |   0.0 |      20 |       0 |   0.0
        D:2 |      37 |       0 |   0.0 |      19 |       0 |   0.0
            +---------+---------+-------+---------+---------+-------
